Map: Ruins of Seras

Players

JusticeSimon - Winner!

  • Race: Terran Terran
  • League: Master

WhyAlwaysMe

  • Race: Protoss Protoss

VOD

Have the link to the VOD?

Description

Time

  • Played on: March 12, 2016, 11:36 p.m.
  • Length: 16:22
Show
View Real Time Build Order
Export as new Build Order

JusticeSimon Terran - Winner!

Build Orders: Command Center First (CC), MMM Bio 

Get SALT Encoding   

  12  0:01  SCV  
  13  0:13  SCV  
  14  0:18  Supply Depot  
  14  0:25  SCV  
  15  0:40  SCV  
  16  1:00  Command Center  
  16  1:04  SCV  
  17  1:15  Barracks  
  17  1:18  SCV  
  18  1:29  Barracks  
  18  1:33  SCV  
  19  1:46  SCV  
  20  1:51  Barracks  
  20  1:58  SCV  
  20  1:59  Refinery  
  21  2:06  Marine  
  22  2:10  SCV  
  22  2:14  Orbital Command  
  23  2:28  Marine x2  
  25  2:31  Orbital Command  
  25  2:39  Marine  
  25  2:40  SCV  
  27  2:51  Marine x2  
  27  2:53  SCV  
  30  2:59  Factory  
  30  3:01  SCV  
  30  3:05  SCV  
  32  3:08  Marine, Refinery  
  33  3:13  SCV  
  33  3:14  Supply Depot  
  33  3:18  Supply Depot  
  33  3:19  SCV  
  35  3:22  Marine  
  35  3:24  Marine  
  35  3:26  SCV  
  38  3:36  Engineering Bay, Marine  
  38  3:37  SCV  
  38  3:38  SCV  
  38  3:40  Marine  
  42  3:46  Factory Tech Lab  
  42  3:52  SCV x2, Starport  
  42  3:53  Marine  
  42  3:54  Marine  
  46  3:58  Barracks Tech Lab  
  46  4:04  SCV  
  46  4:09  Supply Depot  
  47  4:25  Marine x3  
  47  4:29  Stimpack, Siege Tank  
  53  4:35  Refinery  
  53  4:36  Refinery  
  53  4:45  SCV x2  
  55  4:49  Bunker  
  55  4:53  Bunker  
  55  4:55  Terran Infantry Weapons Level 1  
  55  4:57  SCV x2  
  57  5:02  Marine x2  
  57  5:03  Marine  
  59  5:09  SCV x2  
  61  5:21  SCV, Barracks Tech Lab  
  61  5:22  Barracks Reactor  
  62  5:36  Supply Depot  
  62  5:38  Supply Depot x2  
  62  5:42  SCV x2  
  64  5:44  Starport Reactor  
  64  5:46  Siege Tank  
  64  5:47  Marauder, Marine  
  70  5:52  Combat Shields  
  70  6:01  Supply Depot, SCV x2  
  70  6:02  Supply Depot  
  72  6:05  Marauder  
  72  6:07  Barracks  
  72  6:08  Marine  
  75  6:11  Marine  
  76  6:25  Missile Turret  
  76  6:26  Marauder x2  
  76  6:28  Medivac x2  
  76  6:29  Siege Tank  
  87  6:39  Missile Turret  
  87  6:41  Marine  
  87  6:43  Marine  
  89  6:47  Marauder  
  89  6:48  Marauder  
  89  6:53  Barracks  
  88  7:12  Siege Tank  
  88  7:15  Marauder x2, Marine x2  
  97  7:18  SCV x2  
  99  7:23  Supply Depot, Medivac  
  99  7:25  Medivac  
  99  7:55  Starport Reactor  
  99  7:58  Marine x4  
  100  7:59  Marauder  
  100  8:00  Concussive Shells  
  105  8:07  Missile Turret  
  105  8:16  Marine x3  
  105  8:17  Marauder  
  105  8:19  Barracks Reactor  
  110  8:20  Marauder  
  110  8:25  Command Center  
  112  8:33  Medivac x2  
  112  8:34  Marine  
  117  8:35  Terran Infantry Armor Level 1  
  117  8:48  Supply Depot  
  117  8:49  Supply Depot  
  117  8:50  Supply Depot  
  117  8:53  Marauder x2  
  121  8:59  Marine x3  
  124  9:06  Medivac x2  
  124  9:09  Siege Tank  
  131  9:14  Supply Depot, Marauder x2  
  131  9:17  Marine x2  
  137  9:36  Marine x4  
  137  9:37  Marauder x2  
  145  9:38  Marine  
  145  9:40  Medivac  
  117  9:53  Marine  
  117  9:54  Marine x2  
  117  9:58  SCV, Marauder  
  117  9:59  SCV  
  108  10:10  SCV  
  97  10:31  SCV  
  97  10:32  SCV  
  94  10:43  SCV  
  94  10:44  SCV  
  96  10:50  Orbital Command  
  93  11:19  Missile Turret  
  90  11:35  Missile Turret  
  90  11:42  SCV  
  90  11:43  SCV x2  
  93  11:55  SCV x3  
  96  12:06  Marine x4  
  100  12:10  Marauder  
  101  12:22  Missile Turret  
  101  12:29  Supply Depot, Starport Tech Lab  
  101  12:30  Supply Depot  
  101  12:31  Supply Depot  
  101  12:36  SCV  
  101  12:37  SCV x2  
  101  12:38  Marauder  
  101  12:41  Marauder  
  96  12:46  Marine  
  96  12:47  Marine x4  
  82  12:59  Marauder  
  82  13:02  Marauder  
  82  13:04  Marine x2  
  70  13:17  SCV x3  
  72  13:21  Marauder  
  74  13:35  SCV x2  
  74  13:36  SCV  
  77  13:44  Marauder x2, Marine x5  
  77  13:47  SCV  
  77  13:48  Raven  
  89  14:02  Marine x5  
  94  14:15  Marine x2  
  96  14:19  Marine  
  96  14:20  Marine x2  
  99  14:28  Missile Turret  
  99  14:34  Missile Turret  
  99  14:36  Marauder  
  100  14:50  Marauder, Marine x4  
  100  14:51  Marine  
  107  14:57  Marauder  
  109  15:05  Orbital Command  
  109  15:08  Marine x2  
  109  15:11  Marauder  
  109  15:12  Marine x3  
  116  15:18  Marine  
  117  15:26  Marine x2  
  119  15:29  Raven  
  119  15:30  Marine x2  
  119  15:33  Marauder  
  125  15:49  Marauder  
  123  15:54  Marauder  
Show
View Real Time Build Order
Export as new Build Order

WhyAlwaysMe Protoss 

Build Orders: Nexus First 

Get SALT Encoding   

  12  0:01  Probe (Chrono Boost)  
  13  0:19  Probe (Chrono Boost)  
  14  0:22  Pylon  
  14  0:30  Probe (Chrono Boost)  
  15  0:42  Probe (Chrono Boost)  
  16  0:52  Probe (Chrono Boost)  
  17  1:01  Nexus  
  17  1:08  Nexus  
  17  1:11  Probe (Chrono Boost)  
  18  1:22  Probe (Chrono Boost)  
  18  1:25  Gateway  
  19  1:31  Assimilator  
  19  1:33  Probe (Chrono Boost)  
  20  1:43  Probe (Chrono Boost)  
  21  1:51  Assimilator  
  22  1:54  Probe (Chrono Boost)  
  22  2:04  Probe (Chrono Boost)  
  23  2:11  Pylon  
  23  2:20  Probe (Chrono Boost)  
  24  2:23  Probe (Chrono Boost), Cybernetics Core  
  25  2:30  Probe (Chrono Boost)  
  25  2:34  Probe (Chrono Boost)  
  27  2:37  Pylon  
  27  2:40  Assimilator  
  27  2:41  Probe (Chrono Boost)  
  28  2:44  Probe (Chrono Boost)  
  29  2:51  Probe (Chrono Boost)  
  29  2:55  Probe (Chrono Boost)  
  29  2:57  Gateway  
  31  3:00  Warp Gate  
  31  3:02  Probe (Chrono Boost)  
  31  3:04  Mothership Core (Chrono Boost)  
  34  3:07  Stalker (Chrono Boost)  
  36  3:13  Probe  
  37  3:23  Probe (Chrono Boost)  
  37  3:25  Robotics Facility, Probe (Chrono Boost)  
  39  3:35  Probe (Chrono Boost)  
  39  3:36  Probe (Chrono Boost), Twilight Council  
  41  3:44  Stalker  
  41  3:45  Probe (Chrono Boost)  
  44  3:49  Stalker  
  44  3:53  Probe (Chrono Boost)  
  47  3:56  Probe (Chrono Boost)  
  48  4:04  Probe (Chrono Boost)  
  48  4:08  Probe (Chrono Boost), Pylon  
  50  4:22  Probe (Chrono Boost)  
  50  4:23  Observer  
  50  4:25  Mothership Core (Chrono Boost)  
  50  4:30  Assimilator  
  50  4:31  Pylon  
  52  4:34  Blink (Chrono Boost), Gateway  
  52  4:36  Gateway  
  52  4:37  Gateway  
  52  4:39  Gateway  
  52  4:45  Dark Shrine  
  52  4:53  Probe  
  52  4:58  Pylon  
  53  5:03  Observer  
  54  5:07  Stalker x2  
  58  5:29  Sentry  
  58  5:30  Stalker x2  
  58  5:32  Stalker x2  
  68  5:53  Gateway  
  68  5:56  Warp Prism  
  70  5:59  Stalker  
  70  6:00  Stalker x3  
  78  6:04  Pylon  
  78  6:05  Pylon  
  78  6:24  Stalker x4  
  78  6:25  Stalker x2  
  90  6:34  Immortal  
  90  6:39  Pylon  
  94  6:43  Pylon  
  92  7:05  Probe  
  92  7:06  Dark Templar x2  
  92  7:07  Dark Templar x2  
  91  7:16  Immortal  
  95  7:40  Dark Templar x2  
  95  7:43  Adept x2  
  95  7:44  Adept  
  87  7:58  Nexus  
  85  8:00  Pylon x2  
  77  8:20  Resonating Glaives (Chrono Boost)  
  77  8:24  Adept x5  
  77  8:25  Adept  
  89  8:29  Warp Prism  
  91  8:40  Probe  
  92  8:42  Assimilator x2  
  92  8:45  Adept x4  
  92  8:46  Adept x2  
  104  8:57  Probe  
  104  8:59  Probe  
  106  9:04  Gateway, Forge  
  106  9:05  Observer  
  107  9:11  Probe  
  107  9:12  Dark Templar  
  107  9:14  Dark Templar  
  112  9:25  Dark Templar x2  
  112  9:28  Dark Templar  
  118  9:34  Probe  
  118  9:35  Probe  
  116  9:52  Adept x3  
  90  9:56  Pylon  
  90  9:58  Pylon  
  76  10:00  Pylon  
  76  10:02  Dark Templar x2  
  76  10:05  Dark Templar  
  74  10:10  Probe  
  74  10:11  Probe  
  74  10:12  Dark Templar  
  70  10:22  Stalker  
  70  10:23  Stalker  
  70  10:24  Probe  
  70  10:25  Probe x2  
  77  10:32  Pylon  
  75  10:46  Dark Templar x4  
  83  10:58  Adept x2  
  83  10:59  Adept x2  
  83  11:01  Probe, Protoss Ground Weapons Level 1 (Chrono Boost)  
  83  11:03  Probe x2  
  92  11:28  Adept  
  92  11:29  Adept x4  
  92  11:30  Adept x3  
  96  11:52  Dark Templar x4  
  104  11:55  Nexus  
  104  12:03  Adept  
  104  12:04  Adept x2  
  110  12:14  Archon  
  106  12:19  Adept  
  104  12:25  Pylon, Adept x3  
  104  12:26  Adept x3  
  110  12:39  Dark Templar  
  85  12:48  Dark Templar  
  85  12:49  Dark Templar x3  
  85  12:58  Dark Templar  
  81  13:03  Adept x2  
  78  13:12  Probe  
  78  13:13  Probe  
  78  13:14  Probe x2  
  82  13:23  Dark Templar x3  
  82  13:24  Dark Templar  
  82  13:39  Assimilator  
  82  13:40  Assimilator  
  82  13:41  Templar Archives  
  82  13:46  Protoss Ground Armor Level 1 (Chrono Boost)  
  74  14:05  Stalker x4  
  74  14:06  Stalker x4  
  74  14:09  Probe  
  91  14:15  Warp Prism  
  93  14:28  Robotics Bay  
  93  14:31  Robotics Facility  
  93  14:45  Stalker x6  
  100  15:08  Nexus  
  100  15:19  Disruptor (Chrono Boost)  
  100  15:20  Disruptor (Chrono Boost)  
  106  15:24  Dark Templar  
  106  15:25  Dark Templar  
  106  15:26  Dark Templar x2  
  110  15:28  Dark Templar  
  112  15:40  Adept x3  
  118  15:43  Probe  
  111  15:52  Archon  
  99  16:04  Dark Templar x4  
Tags
 
Add a new tag
Caveats
  • Supply blocks, unpowered buildings, or Contaminate may cause inaccurate times.
  • Supply counts are checked every 10 seconds.